 Dungeon Crawl Stone Soup version 0.31.0-11-ge490571c62 (webtiles) character file.

Game seed: 7848066074036637292

567 dialectric the Changeling (level 7, -1/35 HPs)
             Began as a Vine Stalker Shapeshifter on Jan 29, 2024.
             Slain by Prince Ribbit (9 damage)
             ... on level 5 of the Dungeon.
             The game lasted 00:03:40 (2996 turns).

dialectric the Changeling (VSSh)                    Turns: 2996, Time: 00:03:41

Health: -1/35      AC:  2    Str: 19    XL:     7   Next: 33%
Magic:  0/17       EV: 12    Int: 10    God:
Gold:   210        SH:  0    Dex: 13    Spells: 6/6 levels left

rFire   . .          .
                       - Unarmed
rCold   . . .        (no shield)
rNeg    . . .        a - +0 animal skin
rPois   .            (helmet currently unavailable)
rElec   .            (cloak currently unavailable)
rCorr   .            (gloves currently unavailable)
SInv    .            (boots currently unavailable)
Will    .....        (no amulet)
Stlth   ++           f - ring of magical power
HPRegen 1.05/turn    (no ring)
MPRegen 0.15/turn

%: guardian spirit
@: beast-form
A: beast (slay +3), fangs 2, regeneration 1, magic shield, antimagic bite, no
potion heal 2
a: Begin Untransformation


You were on level 5 of the Dungeon.
You were a hulking beast.
You visited 1 branch of the dungeon, and saw 5 of its levels.

You collected 210 gold pieces.

Inventory:

Missiles
 i - 3 throwing nets (quivered)
Armour
 a - a +0 animal skin (worn)
 k - a +2 cloak
Jewellery
 f - a ring of magical power (left hand)
 j - a +6 ring of strength
 l - an amulet of regeneration
Talismans
 c - a beast talisman
 d - a flux talisman
Wands
 s - a wand of paralysis (3)
Scrolls
 m - a scroll of fear {unknown}
 n - a scroll of teleportation {unknown}
 p - a scroll of brand weapon {unknown}
 r - a scroll of vulnerability {unknown}
Potions
 b - 4 potions of lignification
 e - a potion of brilliance {unknown}
 g - 4 potions of curing {unknown}
 h - a potion of magic {unknown}
 o - 2 potions of berserk rage {unknown}
 q - a potion of heal wounds {unknown}


   Skills:
 + Level 2.3 Fighting
 * Level 2.6 Armour
 + Level 3.0 Dodging
 - Level 1.1 Stealth
 - Level 3.0 Unarmed Combat
 + Level 5.6 Shapeshifting


You had 6 spell levels left.
You didn't know any spells.
Your spell library was empty.

Dungeon Overview and Level Annotations

Branches:
Dungeon (5/15)
 Temple: D:4-7

Altars:
Dithmenos
Gozag
Hepliaklqana
Sif Muna

Annotations:
D:2 Sigmund
D:5 Prince Ribbit


Innate Abilities, Weirdness & Mutations

You are a hulking beast.
Your limbs bulge with bestial killing power. (Slay +3)
You have extremely sharp teeth.
Your natural rate of healing is unusually fast.
When hurt, damage is shared between your health and your magic reserves.
Your bite disrupts and absorbs the magic of your enemies.
Potions cannot restore your health.


Message History

You punch Prince Ribbit!
Prince Ribbit is moderately wounded.
Prince Ribbit misses you.
You punch Prince Ribbit!
Prince Ribbit is heavily wounded.
Prince Ribbit misses you.
You hit Prince Ribbit. Your bite misses Prince Ribbit.
Prince Ribbit is severely wounded.
Prince Ribbit hits you! Prince Ribbit misses you.
You hit Prince Ribbit.
Prince Ribbit is severely wounded.
Prince Ribbit hits you!
You barely miss Prince Ribbit.
Prince Ribbit is severely wounded.
Prince Ribbit's magic is no longer disrupted.
Prince Ribbit hits you!
* * * LOW HITPOINT WARNING * * *
You punch Prince Ribbit!
Prince Ribbit is almost dead.
Prince Ribbit hits you but does no damage.
Prince Ribbit blinks!
Things that are here:
a +0 giant spiked club; an ogre corpse Unknown command.
Aiming: Paralyse
Press: ? - help, Shift-Dir - straight line, f - Prince Ribbit
Aim: Prince Ribbit (almost dead, chance to affect: 31%) Prince Ribbit easily resists.
Prince Ribbit completely misses you.
Unknown command.
Unknown command.
You barely miss Prince Ribbit.
Prince Ribbit is almost dead.
Prince Ribbit hits you.
* * * LOW HITPOINT WARNING * * *
You closely miss Prince Ribbit. You bite Prince Ribbit.
Prince Ribbit's magic leaks into the air.
You drain his magic.
You feel invigorated.
Prince Ribbit is almost dead.
Prince Ribbit falters for a moment.
Prince Ribbit hits you!
You die...

####### .......
....... #####.......
#...F.......
+..)h.?.....
#########'#####...##
..............# .#
.......<......#
..............#
..............#
................
.................
......########...


You could see Prince Ribbit (magic disrupted).

Vanquished Creatures
  A black bear (D:4)
  An ogre (D:5)
  A phantom (D:4)
  2 scorpions (D:4)
  A sleepcap (D:4)
  Natasha (thrice) (D:3)
  3 adders
  2 ribbon worms
  2 dart slugs (D:4)
  3 orcs (D:3)
  4 ball pythons
  9 endoplasms
  5 giant cockroaches
  5 goblins
  3 hobgoblins
  4 quokkas
  2 bats (D:1)
  4 frilled lizards
  7 kobolds
  6 rats
68 creatures vanquished.

Notes
Turn   | Place    | Note
-------+----------+-------------------------------------------
     0 | D:1      | dialectric the Vine Stalker Shapeshifter began the quest
                  | for the Orb.
     0 | D:1      | Reached XP level 1. HP: 9/9 MP: 2/2
   191 | D:1      | Reached XP level 2. HP: 14/14 MP: 3/3
   823 | D:2      | Reached XP level 3. HP: 17/17 MP: 4/4
   848 | D:2      | Reached skill level 1 in Fighting
   968 | D:2      | Noticed Sigmund
   974 | D:2      | Reached skill level 1 in Stealth
  1095 | D:3      | Found a shimmering blue altar of Sif Muna.
  1159 | D:3      | Found an opulent altar of Gozag.
  1228 | D:3      | Noticed Natasha
  1237 | D:3      | Killed Natasha
  1238 | D:3      | Reached skill level 4 in Shapeshifting
  1238 | D:3      | Reached XP level 4. HP: 22/22 MP: 5/5
  1605 | D:3      | Noticed Natasha
  1611 | D:3      | Killed Natasha
  1612 | D:3      | Reached skill level 1 in Armour
  1645 | D:3      | Reached XP level 5. HP: 25/25 MP: 6/6
  2037 | D:3      | Noticed Natasha
  2046 | D:3      | Killed Natasha
  2406 | D:4      | Noticed a black bear
  2417 | D:4      | Killed a black bear
  2418 | D:4      | Reached XP level 6. HP: 21/30 MP: 7/7
  2475 | D:4      | Reached skill level 5 in Shapeshifting
  2552 | D:4      | Reached XP level 7. HP: 29/35 MP: 8/8
  2571 | D:4      | Found a hazy altar of Hepliaklqana.
  2949 | D:4      | Found a shadowy altar of Dithmenos.
  2949 | D:4      | Noticed a shadow
  2975 | D:5      | Entered Level 5 of the Dungeon
  2980 | D:5      | Noticed Prince Ribbit
  2996 | D:5      | Slain by Prince Ribbit

Illustrated notes

Levels and vault maps discovered:
D:1:      minmay_arrival_semitransparent, layout_loops_ring,
          kennysheep_pointless_box, minmay_pentomino_t2
D:2:      layout_rooms, hangedman_decor_clover_reticule, uniq_sigmund
D:3:      minmay_skewed_foursquare, layout_loops_corners,
          kennysheep_orc_sif_temple, nicolae_gozag_seed_capital,
          roderic_lattice_a, uniq_natasha
D:4:      layout_gridville, riverfiend_overflow_shadow_ancestor
D:5:      layout_gridville, bloody_makhleb, nicolae_overflow_quartered_altars,
          uniq_prince_ribbit1

Skill      XL: |  1  2  3  4  5  6  7 |
---------------+----------------------+-----
Fighting       | 1 2 |  2.3
Stealth        | 1 |  1.1
Dodging        | 2 3 |  3.0
Shapeshifting  | 4 5 |  5.6
Armour         | 1 2 |  2.6
Unarmed Combat | |  3.0

Action                     |  1- 3 |  4- 6 |  7- 9 || total
---------------------------+-------+-------+-------++-------
  Melee: Unarmed           |    75 |    99 |    30 ||   204
         Bite              |    18 |    34 |    10 ||    62
         Punch             |       |     3 |     1 ||     4
  Evoke: Wand              |       |       |     1 ||     1
   Stab: Sleeping          |     3 |     2 |     1 ||     6
 Armour: Animal skin       |    43 |    39 |    15 ||    97
  Dodge: Dodged            |    47 |    54 |    15 ||   116
